3AAA
MILTON DOGFISH HEAD @ HAMILTON COYOTES
07/13/2038
 
TOP OF THE 1ST
Milton Dogfish Head batting - Pitching for Hamilton Coyotes : RHP Octávio Moya
Pitching: RHP Octávio Moya
Batting: RHB Kieran Hansen 0-0: Foul Ball, location: 2F
0-1: Ground out 4-3 (Groundball, 4S, EV 79.4 MPH)
Batting: LHB John Hansen 0-0: Ball
1-0: Fly out, F9 (Flyball, 89D, EV 103.1 MPH)
Batting: LHB Johnny Carter 0-0: Swinging Strike
0-1: Swinging Strike
0-2: Strikes out swinging
Top of the 1st over - 0 runs, 0 hits, 0 errors, 0 left on base; Milton 0 - Hamilton 0
BOTTOM OF THE 1ST
Hamilton Coyotes batting - Pitching for Milton Dogfish Head : RHP Brandon Sorkin
Pitching: RHP Brandon Sorkin
Batting: RHB Júlio Robles 0-0: Ball
1-0: Fly out, F8 (Flyball, 8LS, EV 79.4 MPH)
Batting: RHB José Bumgarnor 0-0: SINGLE (Line Drive, 78S, EV 106.9 MPH)
Batting: RHB Hou Kong 0-0: Ball
1-0: Called Strike
1-1: Swinging Strike
1-2: Ball
2-2: Ball
3-2: Strikes out swinging
Batting: RHB Zack McLean 0-0: Called Strike
0-1: Ball
1-1: 2-RUN HOME RUN (Flyball, 7D, EV 91.2 MPH), Distance : 364 ft
Batting: RHB Alejandro Serrato 0-0: Ground out U3 (Groundball, 34, EV 86.2 MPH)
Bottom of the 1st over - 2 runs, 2 hits, 0 errors, 0 left on base; Milton 0 - Hamilton 2
TOP OF THE 2ND
Milton Dogfish Head batting - Pitching for Hamilton Coyotes : RHP Octávio Moya
Batting: RHB Juan Martínez 0-0: Ground out 1-3 (Groundball, 34S, EV 68.1 MPH)
Batting: LHB Seika Hagiwara 0-0: Ball
1-0: Ball
2-0: Ball
3-0: Base on Balls
Batting: RHB Arturo Scantlebury 0-0: Ball
1-0: Ball
2-0: Called Strike
2-1: Swinging Strike
2-2: Ball
3-2: Fly out, F4 (Flyball, 3D, EV 96.2 MPH)
Batting: RHB Ed Lastinger 0-0: Called Strike
0-1: Called Strike
0-2: Foul Ball, location: 2F
0-2: Ball
1-2: Ball
2-2: Ball
3-2: Foul Ball, location: 2F
3-2: Fly out, F7 (Flyball, 7S, EV 87.5 MPH)
Top of the 2nd over - 0 runs, 0 hits, 0 errors, 1 left on base; Milton 0 - Hamilton 2
BOTTOM OF THE 2ND
Hamilton Coyotes batting - Pitching for Milton Dogfish Head : RHP Brandon Sorkin
Batting: LHB Bartholomew Bailey 0-0: Foul Ball, location: 2F
0-1: Ball
1-1: Foul Ball, location: 2F
1-2: Ground out 4-3 (Groundball, 4, EV 103.1 MPH)
Batting: LHB Kyoji Hakoda 0-0: Foul Ball, location: 2F
0-1: Called Strike
0-2: Ball
1-2: Fly out, F7 (Flyball, 7LS, EV 89.4 MPH)
Batting: LHB José Gómez 0-0: Ball
1-0: Ball
2-0: Fly out, F7 (Line Drive, 7D, EV 97.5 MPH)
Bottom of the 2nd over - 0 runs, 0 hits, 0 errors, 0 left on base; Milton 0 - Hamilton 2
TOP OF THE 3RD
Milton Dogfish Head batting - Pitching for Hamilton Coyotes : RHP Octávio Moya
Batting: RHB Harley Whitfield 0-0: Ball
1-0: Called Strike
1-1: Ball
2-1: SINGLE (Groundball, 6S, EV 69.4 MPH) (infield hit)
Batting: RHB Troy Flynn 0-0: Ball
1-0: Ball
2-0: Ball
3-0: Base on Balls
Harley Whitfield to second
Batting: RHB Kieran Hansen 0-0: Ball
1-0: Called Strike
1-1: Ball
2-1: Fly out, F9 (Line Drive, 9, EV 88.8 MPH)
Batting: LHB John Hansen 0-0: Ball
1-0: Ball
2-0: Swinging Strike
2-1: Swinging Strike
2-2: Ball
3-2: Foul Ball, location: 2F
3-2: SINGLE (Groundball, 4MD, EV 103.1 MPH)
Harley Whitfield to third
Troy Flynn to second
Runner from 3rd tries for Home, throw by CF and OUT! 8-2
Batting: LHB Johnny Carter 0-0: Called Strike
0-1: SINGLE (Groundball, 34D, EV 96.9 MPH)
Troy Flynn to third
John Hansen to second
Runner from 3rd tries for Home, throw by RF and OUT! 9-2
Top of the 3rd over - 0 runs, 3 hits, 0 errors, 2 left on base; Milton 0 - Hamilton 2
BOTTOM OF THE 3RD
Hamilton Coyotes batting - Pitching for Milton Dogfish Head : RHP Brandon Sorkin
Batting: LHB Don McGhee 0-0: Ball
1-0: Swinging Strike
1-1: Swinging Strike
1-2: Strikes out swinging
Batting: RHB Júlio Robles 0-0: Ball
1-0: Ball
2-0: Foul Ball, location: 2F
2-1: Fly out, F8 (Flyball, 8LS, EV 71.2 MPH)
Batting: RHB José Bumgarnor 0-0: Swinging Strike
0-1: Foul Ball, location: 2F
0-2: Ball
1-2: Strikes out swinging
Bottom of the 3rd over - 0 runs, 0 hits, 0 errors, 0 left on base; Milton 0 - Hamilton 2
TOP OF THE 4TH
Milton Dogfish Head batting - Pitching for Hamilton Coyotes : RHP Octávio Moya
Batting: RHB Juan Martínez 0-0: Foul Ball, location: 2F
0-1: Ball
1-1: Foul Ball, location: 2F
1-2: Ball
2-2: Foul Ball, location: 2F
2-2: Strikes out looking
Batting: LHB Seika Hagiwara 0-0: Foul Ball, location: 2F
0-1: Swinging Strike
0-2: Ball
1-2: Ball
2-2: Ball
3-2: SINGLE (Line Drive, 4MD, EV 109.4 MPH)
Batting: RHB Arturo Scantlebury 0-0: Called Strike
0-1: Foul Ball, location: 2F
0-2: Ball
1-2: SINGLE (Line Drive, 34D, EV 95.6 MPH)
Seika Hagiwara to second
Runner from 2nd tries for 3rd, SAFE, throw by RF made to third
Batting: RHB Ed Lastinger 0-0: Ball
1-0: Foul Ball, location: 2F
1-1: Grounds into double play, 4-6-3 (Groundball, 4, EV 86.9 MPH)
Top of the 4th over - 0 runs, 2 hits, 0 errors, 1 left on base; Milton 0 - Hamilton 2
BOTTOM OF THE 4TH
Hamilton Coyotes batting - Pitching for Milton Dogfish Head : RHP Brandon Sorkin
Batting: RHB Hou Kong 0-0: Ball
1-0: Ball
2-0: Ball
3-0: Called Strike
3-1: Ground out 3-1 (Groundball, 34, EV 86.9 MPH)
Batting: RHB Zack McLean 0-0: Called Strike
0-1: Ball
1-1: Ball
2-1: Foul Ball, location: 2F
2-2: Ball
3-2: SOLO HOME RUN (Flyball, 7D, EV 106.2 MPH), Distance : 360 ft
Batting: RHB Alejandro Serrato 0-0: Ball
1-0: Swinging Strike
1-1: Ground out 6-3 (Groundball, 6, EV 91.2 MPH)
Batting: LHB Bartholomew Bailey 0-0: Ball
1-0: Ball
2-0: Ground out 4-3 (Groundball, 4, EV 77.5 MPH)
Bottom of the 4th over - 1 run, 1 hit, 0 errors, 0 left on base; Milton 0 - Hamilton 3
TOP OF THE 5TH
Milton Dogfish Head batting - Pitching for Hamilton Coyotes : RHP Octávio Moya
Batting: RHB Harley Whitfield 0-0: Called Strike
0-1: Ball
1-1: Fly out, F3 (Popup, 3S, EV 78.8 MPH)
Batting: RHB Troy Flynn 0-0: Ball
1-0: Ball
2-0: Called Strike
2-1: Ball
3-1: Swinging Strike
3-2: Foul Ball, location: 2F
3-2: Strikes out swinging
Batting: RHB Kieran Hansen 0-0: Ball
1-0: Ball
2-0: Foul Ball, location: 2F
2-1: Ball
3-1: Base on Balls
Batting: LHB John Hansen 0-0: SINGLE (Groundball, 56D, EV 100.6 MPH)
Kieran Hansen to second
Batting: LHB Johnny Carter 0-0: Ball
Wild Pitch!
Kieran Hansen to third
John Hansen to second
1-0: Fly out, F2 (Popup, 15S, EV 82.5 MPH)
Top of the 5th over - 0 runs, 1 hit, 0 errors, 2 left on base; Milton 0 - Hamilton 3
BOTTOM OF THE 5TH
Hamilton Coyotes batting - Pitching for Milton Dogfish Head : RHP Brandon Sorkin
Batting: LHB Kyoji Hakoda 0-0: Fly out, F9 (Flyball, 9, EV 86.2 MPH)
Batting: LHB José Gómez 0-0: Called Strike
0-1: SINGLE (Groundball, 6D, EV 94.4 MPH)
Batting: LHB Don McGhee 0-0: SINGLE (Line Drive, 89M, EV 101.9 MPH)
José Gómez to second
Batting: RHB Júlio Robles 0-0: Ball
1-0: Ball
2-0: Called Strike
2-1: Ball
3-1: Base on Balls
José Gómez to third
Don McGhee to second
Batting: RHB José Bumgarnor 0-0: Called Strike
0-1: Swinging Strike
0-2: SINGLE (Groundball, 15, EV 67.5 MPH) (infield hit)
José Gómez scores
Don McGhee to third
Júlio Robles to second
Batting: RHB Hou Kong 0-0: Swinging Strike
0-1: Called Strike
0-2: Strikes out swinging
Batting: RHB Zack McLean 0-0: Ball
1-0: Ball
2-0: Ball
3-0: Base on Balls
Don McGhee scores
Júlio Robles to third
José Bumgarnor to second
Pitching: RHP Dave Hulton
Batting: RHB Alejandro Serrato 0-0: Foul Ball, location: 2F
0-1: Swinging Strike
0-2: Foul Ball, location: 2F
0-2: Ball
1-2: Strikes out looking
Bottom of the 5th over - 2 runs, 3 hits, 0 errors, 3 left on base; Milton 0 - Hamilton 5
TOP OF THE 6TH
Milton Dogfish Head batting - Pitching for Hamilton Coyotes : RHP Octávio Moya
Batting: RHB Juan Martínez 0-0: Ball
1-0: Ball
2-0: Called Strike
2-1: Ball
3-1: Base on Balls
Batting: LHB Seika Hagiwara 0-0: Ball
1-0: Ball
2-0: Ball
3-0: Base on Balls
Juan Martínez to second
Batting: RHB Arturo Scantlebury 0-0: Foul Ball, location: 2F
0-1: Swinging Strike
0-2: Foul Ball, location: 2F
0-2: Ball
1-2: Fly out, F8 (Flyball, 8LS, EV 88.8 MPH)
Batting: RHB Ed Lastinger 0-0: Foul Ball, location: 2F
0-1: Called Strike
0-2: Ball
1-2: Strikes out swinging
Batting: RHB Harley Whitfield 0-0: Swinging Strike
0-1: SINGLE (Groundball, 6MD, EV 108.8 MPH)
Juan Martínez to third
Seika Hagiwara to second
Runner from 3rd tries for Home, SAFE, no throw by CF
Batting: RHB Troy Flynn 0-0: Called Strike
0-1: Ball
1-1: Fly out, F7 (Flyball, 78M, EV 86.9 MPH)
Top of the 6th over - 1 run, 1 hit, 0 errors, 2 left on base; Milton 1 - Hamilton 5
BOTTOM OF THE 6TH
Hamilton Coyotes batting - Pitching for Milton Dogfish Head : RHP Dave Hulton
Batting: LHB Bartholomew Bailey 0-0: Called Strike
0-1: Swinging Strike
0-2: Ball
1-2: Strikes out swinging
Batting: LHB Kyoji Hakoda 0-0: Called Strike
0-1: Called Strike
0-2: SINGLE (Groundball, 4MD, EV 101.2 MPH)
Batting: LHB José Gómez 0-0: Fly out, F8 (Flyball, 78M, EV 81.9 MPH)
Batting: LHB Don McGhee 0-0: Called Strike
0-1: Ball
1-1: Called Strike
1-2: Strikes out looking
Bottom of the 6th over - 0 runs, 1 hit, 0 errors, 1 left on base; Milton 1 - Hamilton 5
TOP OF THE 7TH
Milton Dogfish Head batting - Pitching for Hamilton Coyotes : RHP Octávio Moya
Batting: RHB Kieran Hansen 0-0: Called Strike
0-1: Ball
1-1: Swinging Strike
1-2: Ball
2-2: Foul Ball, location: 2F
2-2: Ball
3-2: Base on Balls
Pitching: RHP Chris Kuhn
Batting: LHB John Hansen 0-0: Foul Ball, location: 2F
0-1: Ball
1-1: Fly out, F8 (Flyball, 8LXD, EV 96.2 MPH)
Batting: LHB Johnny Carter 0-0: SINGLE (Groundball, 4MD, EV 102.5 MPH)
Kieran Hansen to second
Runner from 2nd tries for 3rd, SAFE, no throw by CF
Batting: RHB Juan Martínez 0-0: Swinging Strike
0-1: Ball
1-1: Ball
2-1: SINGLE (Groundball, 3L, EV 86.2 MPH) (infield hit)
Kieran Hansen scores
Johnny Carter to second
Batting: LHB Seika Hagiwara 0-0: Called Strike
Johnny Carter steals 3rd base
Juan Martínez to second
0-1: Ball
1-1: Ball
2-1: Ball
3-1: Called Strike
3-2: Strikes out swinging
Batting: RHB Arturo Scantlebury 0-0: Ball
1-0: Ball
2-0: Called Strike
2-1: Ball
3-1: Base on Balls
Pinch Hitting: LHB José Ocasio 0-0: Foul Ball, location: 2F
0-1: Called Strike
0-2: Strikes out swinging
Top of the 7th over - 1 run, 2 hits, 0 errors, 3 left on base; Milton 2 - Hamilton 5
BOTTOM OF THE 7TH
Hamilton Coyotes batting - Pitching for Milton Dogfish Head : RHP Dave Hulton
Now in RF: Carlos González
Batting: RHB Júlio Robles 0-0: Foul Ball, location: 2F
0-1: Ball
1-1: Foul Ball, location: 2F
1-2: Ball
2-2: Ground out 1-3 (Groundball, 15S, EV 64.4 MPH)
Batting: RHB José Bumgarnor 0-0: Ball
1-0: Fly out, F9 (Flyball, 9S, EV 84.4 MPH)
Batting: RHB Hou Kong 0-0: Ground out 6-3 (Groundball, 6, EV 78.8 MPH)
Bottom of the 7th over - 0 runs, 0 hits, 0 errors, 0 left on base; Milton 2 - Hamilton 5
TOP OF THE 8TH
Milton Dogfish Head batting - Pitching for Hamilton Coyotes : RHP Chris Kuhn
Batting: RHB Harley Whitfield 0-0: Ball
1-0: Ground out 4-3 (Groundball, 34, EV 96.2 MPH)
Batting: RHB Troy Flynn 0-0: Called Strike
0-1: Ball
1-1: SINGLE (Line Drive, 7S, EV 108.8 MPH)
Batting: RHB Kieran Hansen 0-0: Called Strike
0-1: Ball
1-1: Grounds into double play, 6-4-3 (Groundball, 6M, EV 83.1 MPH)
Top of the 8th over - 0 runs, 1 hit, 0 errors, 0 left on base; Milton 2 - Hamilton 5
BOTTOM OF THE 8TH
Hamilton Coyotes batting - Pitching for Milton Dogfish Head : RHP Dave Hulton
Batting: RHB Zack McLean 0-0: Ball
1-0: Ball
2-0: Ball
3-0: Base on Balls
Pitching: RHP Dave Haynes
Batting: RHB Alejandro Serrato 0-0: Ball
1-0: Ball
2-0: Called Strike
2-1: Ball
Zack McLean steals 2nd base
3-1: Foul Ball, location: 2F
3-2: SINGLE (Groundball, 34D, EV 106.9 MPH)
Zack McLean to third
Batting: LHB Bartholomew Bailey 0-0: Swinging Strike
0-1: Ball
1-1: Foul Ball, location: 2F
1-2: Ball
2-2: Foul Ball, location: 2F
2-2: Ball
3-2: Foul Ball, location: 2F
3-2: Foul Ball, location: 2F
3-2: Fly out, F9 (Flyball, 89M, EV 80.6 MPH)
Runner from 3rd tags up, SCORES, no throw by RF
Batting: LHB Kyoji Hakoda 0-0: Ball
1-0: Called Strike
1-1: Foul Ball, location: 2F
1-2: Grounds into double play, 4-6-3 (Groundball, 4, EV 83.8 MPH)
Bottom of the 8th over - 1 run, 1 hit, 0 errors, 0 left on base; Milton 2 - Hamilton 6
TOP OF THE 9TH
Milton Dogfish Head batting - Pitching for Hamilton Coyotes : RHP Chris Kuhn
Batting: LHB John Hansen 0-0: Called Strike
0-1: Ball
1-1: Fly out, F7 (Flyball, 7, EV 93.8 MPH)
Batting: LHB Johnny Carter 0-0: Called Strike
0-1: Foul Ball, location: 2F
0-2: Foul Ball, location: 2F
0-2: Ball
1-2: Fly out, F8 (Line Drive, 8RD, EV 86.9 MPH)
Batting: RHB Juan Martínez 0-0: Called Strike
0-1: Foul Ball, location: 2F
0-2: Strikes out swinging
Top of the 9th over - 0 runs, 0 hits, 0 errors, 0 left on base; Milton 2 - Hamilton 6
Friday, April 17th, 2020 - OOTP Baseball 20.8 Build 74